 Dungeon Crawl Stone Soup version 0.28.0 (webtiles) character file.

Game seed: 2930489006497484825

11 kalodont the Sneak (level 2, 0/15 HPs)
             Began as a Kobold Enchanter on Feb 14, 2022.
             Slain by a quokka (5 damage)
             ... on level 2 of the Dungeon.
             The game lasted 00:08:15 (854 turns).

kalodont the Sneak (Kobold Enchanter)                Turns: 854, Time: 00:08:15

Health: 0/15       AC:  2    Str:  5    XL:     2   Next: 35%
Magic:  1/5        EV: 15    Int: 16    God:
Gold:   41         SH:  0    Dex: 15    Spells: 3/5 levels left

rFire   + . .      SeeInvis .   a - +1 dagger
rCold   + . .      Faith    .   (no shield)
rNeg    . . .      Spirit   .   b - +0 robe
rPois   +          Reflect  .   (no helmet)
rElec   +          Harm     .   (no cloak)
rCorr   +          Rampage  .   (no gloves)
Will    +....                   (no boots)
Stlth   ++++......              (no amulet)
HPRegen 0.05/turn               h - ring of willpower
MPRegen 0.09/turn               (no ring)

@: resistant, very slightly contaminated, invisible
A: small, no large weapons, nightstalker 3
a: no special abilities


You were on level 2 of the Dungeon.
You visited 1 branch of the dungeon, and saw 2 of its levels.

You collected 41 gold pieces.

Inventory:

Hand Weapons
 a - a +1 dagger (weapon)
Armour
 b - a +0 robe (worn)
Jewellery
 h - a ring of willpower (left hand)
Scrolls
 d - 3 scrolls of identify {unknown}
 e - a scroll of magic mapping {unknown}
 f - a scroll of immolation {unknown}
 g - a scroll of brand weapon {unknown}
 j - a scroll of noise {unknown}


   Skills:
 + Level 1.3 Short Blades
 + Level 2.5 Dodging
 + Level 4.4 Stealth
 + Level 2.2 Spellcasting
 + Level 3.2 Hexes


You had 3 spell levels left.
You knew the following spells:

 Your Spells              Type           Power      Damage    Failure   Level
a - Ensorcelled Hibernat  Hex/Ice        14%        N/A       16%         2

Your spell library contained the following spells:

 Spells                   Type           Power      Damage    Failure   Level
 Confusing Touch          Hex            12%        N/A       16%         3
 Tukima's Dance           Hex            12%        N/A       16%         3
 Dazzling Flash           Conj/Hex       14%        N/A       30%         3


Dungeon Overview and Level Annotations

Branches:
Dungeon (2/15)

Altars:


Innate Abilities, Weirdness & Mutations

You are small and have problems with some larger weapons.
You are completely attuned to the shadows.


Message History

Confirm with . or Enter, or press ? or * to list all spells.
Aiming: Ensorcelled Hibernation (safe; 16% risk of failure)
Press: ? - help, Shift-Dir - straight line, f - hobgoblin
Aim: a hobgoblin (chance to affect: 58%)
The hobgoblin looks drowsy...
The helpless hobgoblin fails to defend itself.
You impale the hobgoblin!!
You kill the hobgoblin!
Casting: Ensorcelled Hibernation (safe; 16% risk of failure)
Confirm with . or Enter, or press ? or * to list all spells.
Aiming: Ensorcelled Hibernation (safe; 16% risk of failure)
Press: ? - help, Shift-Dir - straight line, f - quokka
Aim: a quokka (chance to affect: 58%)
You miscast Ensorcelled Hibernation.
You are very lightly contaminated with residual magic.
Nothing appears to happen.
The quokka bites you.
Casting: Ensorcelled Hibernation (safe; 16% risk of failure)
Confirm with . or Enter, or press ? or * to list all spells.
Okay, then.
The quokka bites you.
Casting: Ensorcelled Hibernation (safe; 16% risk of failure)
Confirm with . or Enter, or press ? or * to list all spells.
Aiming: Ensorcelled Hibernation (safe; 16% risk of failure)
Press: ? - help, Shift-Dir - straight line, f/p - quokka
Aim: a quokka (chance to affect: 58%)
You miscast Ensorcelled Hibernation.
Nothing appears to happen.
The quokka closely misses you.
It was a potion of resistance.
You feel protected. The quokka completely misses you.
The quokka bites you but does no damage.
The quokka bites you.
You fade into invisibility!
The quokka completely misses you. The quokka closely misses you.
You hit the quokka but do no damage. You hit the quokka.
The quokka is severely wounded.
The quokka bites you.
You die...

#.....#...##.####..#
##.##.#...##.#.....#
#.##.#...##......##
#.##.#...####.####
#..#.# #.# ##.#(#
#.# #.#.########.#
#.#.......r..#####
#.#########@.#...#
#.# #..#...#
#.#########..#...###
#........##..'...'.#
#######.###.##...#.#
#.# #.######.# #.#
#.# #.# #.# #.# #.#
#.# #.# #.#


You could see a quokka.

Vanquished Creatures
  3 goblins (D:1)
  3 hobgoblins
  2 bats
  2 frilled lizards
10 creatures vanquished.

Notes
Turn   | Place    | Note
-------+----------+-------------------------------------------
     0 | D:1      | kalodont the Kobold Enchanter began the quest for the Orb.
     0 | D:1      | Reached XP level 1. HP: 10/10 MP: 3/3
   570 | D:1      | Reached XP level 2. HP: 15/15 MP: 5/5
   573 | D:1      | Learned a level 2 spell: Ensorcelled Hibernation
   854 | D:2      | Slain by a quokka

Illustrated notes

Levels and vault maps discovered:
D:1:      sevenhm_arrival_forest_fort_small_6, layout_loops_ring
D:2:      layout_basic, minmay_bisected, uniq_robin, uniq_crazy_yiuf_cottage

Action                   || total
-------------------------++-------
Melee: Dagger            ||    36
 Cast: Ensorcelled Hiber ||     5
  Use: Potion            ||     2
 Stab: Sleeping          ||     8
Armor: Robe              ||     1
Dodge: Dodged            ||    28
